 Dungeon Crawl Stone Soup version 0.18.1-50-g88ac8fd (webtiles) character file.

254 Gargoyl the Distorting Demonspawn (level 5, -2/42 HPs)
             Began as a Demonspawn Abyssal Knight on Sept 30, 2016.
             Was a Believer of Lugonu.
             Slain by an ogre
             ... wielding a +0 giant club
              (8 damage)
             ... on level 4 of the Dungeon.
             The game lasted 00:06:35 (2954 turns).

Gargoyl the Distorting Demonspawn (DsAK)            Turns: 2954, Time: 00:06:36

Health: -2/42      AC:  9    Str: 13      XL:     5   Next: 91%
Magic:  8/8        EV: 11    Int: 12 (13) God:    Lugonu [**....]
Gold:   205        SH:  0    Dex: 10 (12) Spells: 0 memorised, 4 levels left

rFire  + . .     SeeInvis .     a - +1 hand axe
rCold  . . .     Gourm    .     g - +0 ring mail
rNeg   . . .     Faith    .     (no shield)
rPois  .         Spirit   .     (helmet restricted)
rElec  .         Dismiss  .     (no cloak)
rCorr  .         Reflect  .     (no gloves)
SustAt .         Harm     .     (no boots)
MR     .....                    s - amulet of magic regeneration
Stlth  ..........               (no ring)
                                (no ring)

@: not resistant to hostile enchantments, extremely unstealthy
A: horns 1, rough black scales 1, fire resistance 1, powered by death 1
a: Depart the Abyss, Bend Space, Renounce Religion


You were on level 4 of the Dungeon.
You worshipped Lugonu.
Lugonu was pleased with you.
You were not hungry.

You visited 1 branch of the dungeon, and saw 4 of its levels.
You visited the Abyss 1 time.

You collected 205 gold pieces.

Inventory:

Hand Weapons
 a - a +1 hand axe (weapon)
Armour
 g - a +0 ring mail (worn)
Jewellery
 f - an uncursed amulet of faith {unknown}
 s - an amulet of magic regeneration (around neck)
Wands
 b - a wand of teleportation (5/9)
Scrolls
 d - a scroll of teleportation {unknown}
 i - a scroll of blinking {unknown}
 j - a scroll of identify
 k - a scroll of magic mapping {unknown}
 l - 5 scrolls of remove curse
 n - 2 scrolls of recharging {unknown}
 o - a scroll of fog {unknown}
 t - a scroll of enchant armour {unknown}
Potions
 e - a potion of curing
 m - a potion of lignification {unknown}
 q - a potion of beneficial mutation {unknown}
 u - a potion of agility {unknown}
Comestibles
 c - 3 bread rations
 h - 3 slices of pizza
 p - 2 meat rations
 r - 2 beef jerkies


   Skills:
 + Level 3.7 Fighting
 + Level 2.5 Axes
 * Level 3.2 Armour
 + Level 2.8 Dodging
 * Level 4.0 Invocations


You had 4 spell levels left.
You didn't know any spells.

Dungeon Overview and Level Annotations

Branches:
Dungeon (4/15)
 Temple: D:4-7

Altars:
Fedhas
Makhleb


Innate Abilities, Weirdness & Mutations

You have a pair of small horns on your head.
You are partially covered in rough black scales (AC +4, Dex -1).
Your flesh is heat resistant.
You regenerate a little health from kills.


Message History

You feel less regenerative. The ogre closely misses you.
You barely miss the ogre. You headbutt the ogre.
The ogre is severely wounded.
The ogre hits you with a giant club!
You hit the ogre but do no damage.
The ogre is severely wounded.
The ogre hits you with a giant club!!
Ouch! That really hurt!
* * * LOW HITPOINT WARNING * * *
You barely miss the ogre. You headbutt the ogre.
The ogre is severely wounded.
You hit the ogre.
You headbutt the ogre, but do no damage.
The ogre is almost dead.
The ogre barely misses you.
You closely miss the ogre.
The ogre is almost dead.
The ogre hits you with a giant club!
You die...

####.#### #.......# ####.#
#.......# ....... #.#.
#.##.##.# ..... ##.# #
#.##.# .O. #.# # #..#.###
#.# #.# #.
##.#.##.###.#########.#
#.###.#.#.#.....†).......#
#.......#......###########
###...>.#@O....#
########.###.#...##.#
#........# ....###.#
#.######.###.#### #.#
#.....# #.# ##.#### ...
##.#.## ##.###.##
########.## ##.##


You could see an ogre.

Vanquished Creatures
  The ghost of Drunkenshrew the Sneak, an amateur KoAs (D:3)
  A scorpion (D:3)
  Ijyb (D:3)
  A howler monkey zombie (D:3)
  4 adders
  2 worms
  A dart slug (D:1)
  5 bats
  3 giant cockroaches
  14 goblins
  4 hobgoblins
  2 jackals (D:3)
  2 quokkas (D:3)
  A giant newt (D:2)
  3 kobolds
  7 rats
52 creatures vanquished.

Notes
Turn   | Place    | Note
--------------------------------------------------------------
     0 | Abyss:1  | Gargoyl the Demonspawn Abyssal Knight began the quest for the Orb.
     0 | Abyss:1  | Reached XP level 1. HP: 18/18 MP: 2/2
    52 | Abyss:1  | Noticed a hungry ghost
    59 | Abyss:1  | Noticed a small abomination
    68 | D:1      | Escaped the Abyss
   322 | D:1      | Reached skill level 1 in Dodging
   413 | D:1      | Reached * piety under Lugonu
   540 | D:1      | Gained mutation: You are partially covered in rough black scales (AC +4, Dex -1). [demonic ancestry]
   540 | D:1      | Reached XP level 2. HP: 20/24 MP: 3/3
  1544 | D:2      | Gained mutation: Your flesh is heat resistant. [demonic ancestry]
  1544 | D:2      | Reached XP level 3. HP: 28/29 MP: 5/5
  1772 | D:2      | Found a burning altar of Makhleb.
  2098 | D:3      | Found a blossoming altar of Fedhas.
  2104 | D:3      | Reached skill level 3 in Invocations
  2108 | D:3      | Noticed Drunkenshrew's ghost (amateur KoAs)
  2205 | D:3      | Killed Drunkenshrew's ghost
  2205 | D:3      | Gained mutation: You have a pair of small horns on your head. [demonic ancestry]
  2205 | D:3      | Reached XP level 4. HP: 28/36 MP: 6/6
  2249 | D:3      | Gained mutation: You regenerate a little health from kills. [demonic ancestry]
  2249 | D:3      | Reached XP level 5. HP: 38/41 MP: 7/7
  2284 | D:3      | Noticed Ijyb
  2295 | D:3      | Reached ** piety under Lugonu
  2315 | D:3      | Killed Ijyb
  2664 | D:3      | Reached skill level 4 in Invocations
  2939 | D:4      | Noticed an ogre
  2954 | D:4      | Slain by an ogre

Skill      XL: |  1  2  3  4  5 |
---------------+----------------+-----
Dodging        | 1 2 |  2.8
Armour         | 2 3 |  3.2
Axes           | 2 |  2.5
Invocations    | 3 4 |  4.0
Fighting       | |  3.7

Action                   |  1- 3 |  4- 6 || total
-------------------------+-------+-------++-------
Melee: Hand axe          |   145 |    86 ||   231
       Headbutt          |       |    13 ||    13
Invok: Depart the Abyss  |     1 |       ||     1
  Use: Potion            |     6 |       ||     6
       Scroll            |     2 |     2 ||     4
  Eat: Chunk             |     3 |       ||     3
       Bread ration      |     1 |       ||     1
Armor: Ring mail         |    93 |    42 ||   135
       Leather armour    |     3 |       ||     3
Dodge: Dodged            |    89 |    55 ||   144
